Map: Abyssal Reef LE

Players

SZNightMare (NightMare) - Winner!

  • Race: Protoss Protoss
  • Spawn Location: 5:00

Lambo

  • Race: Zerg Zerg
  • Spawn Location: 11:00

Event: HomeStory Cup XXVI

VOD

Have the link to the VOD?

Description

Time

  • Played on: Nov. 29, 2024, 8:07 a.m.
  • Length: 8:16

All games in this series

Show
View Real Time Build Order
Export as new Build Order

SZNightMare Protoss - Winner!

Build Orders: 1 Gate Expand, Oracle Opening 

Get SALT Encoding   

  12  0:00  Probe  
  13  0:12  Probe  
  14  0:19  Pylon  
  14  0:24  Probe  
  15  0:34  Probe  
  15  0:42  Probe  
  16  0:43  Gateway  
  16  0:48  Assimilator  
  17  0:52  Probe  
  18  1:04  Probe  
  19  1:16  Probe  
  20  1:31  Cybernetics Core  
  20  1:36  Nexus  
  20  1:38  Probe  
  21  1:42  Assimilator  
  21  1:50  Pylon  
  21  1:51  Probe  
  22  1:58  Adept  
  22  2:03  Probe  
  25  2:15  Probe  
  26  2:18  Stargate  
  26  2:27  Probe, Warp Gate  
  27  2:30  Adept  
  29  2:43  Probe  
  30  2:46  Probe  
  31  2:51  Oracle  
  31  2:54  Probe  
  31  2:55  Probe  
  33  3:03  Probe  
  33  3:04  Stalker  
  36  3:07  Probe  
  40  3:15  Probe, Pylon  
  40  3:19  Probe  
  42  3:23  Oracle  
  42  3:27  Probe  
  42  3:31  Probe  
  47  3:39  Probe  
  48  3:43  Probe  
  48  3:47  Nexus  
  49  3:49  Pylon  
  49  3:51  Probe  
  51  3:55  Probe  
  51  3:57  Oracle  
  51  4:04  Assimilator  
  51  4:06  Probe  
  51  4:07  Probe  
  56  4:11  Assimilator  
  56  4:12  Pylon  
  56  4:19  Probe x2  
  56  4:23  Twilight Council  
  58  4:25  Forge  
  58  4:30  Blink  
  58  4:32  Protoss Ground Weapons Level 1  
  58  4:33  Probe x2  
  60  4:41  Gateway  
  60  4:44  Gateway  
  60  4:46  Gateway  
  60  4:48  Probe  
  60  4:49  Gateway  
  60  4:50  Probe  
  62  5:03  Gateway  
  62  5:04  Probe  
  62  5:05  Probe  
  64  5:08  Probe  
  65  5:16  Probe  
  65  5:17  Probe  
  65  5:18  Stalker  
  65  5:20  Probe  
  70  5:21  Pylon  
  70  5:33  Probe x2  
  70  5:34  Photon Cannon  
  70  5:35  Probe  
  73  5:38  Stalker  
  73  5:40  Gateway  
  75  5:45  Probe x2, Pylon  
  75  5:46  Stalker  
  75  5:47  Probe  
  80  5:55  Stalker x2, Pylon  
  84  6:02  Probe x2  
  84  6:03  Probe  
  87  6:05  Gateway  
  87  6:07  Pylon  
  87  6:13  Stalker x2  
  87  6:15  Stalker  
  87  6:17  Stalker  
  95  6:21  Stalker  
  95  6:22  Stalker  
  99  6:26  Pylon  
  99  6:36  Stalker x3  
  105  6:40  Stalker, Pylon  
  105  6:42  Pylon  
  105  6:46  Stalker x2  
  111  6:54  Stalker  
  113  7:00  Stalker x3  
  119  7:02  Stalker  
  119  7:05  Stalker  
  123  7:12  Stalker x2  
  123  7:15  Pylon x2  
  127  7:19  Stalker  
  117  7:42  Stalker x8  
  107  8:07  Stalker x7  
Show
View Real Time Build Order
Export as new Build Order

Lambo Zerg 

Build Orders: Hatch First 

Get SALT Encoding   

  12  0:00  Drone  
  13  0:12  Drone  
  14  0:14  Extractor  
  14  0:15  Drone  
  15  0:21  Overlord  
  15  0:43  Hatchery  
  15  0:46  Drone  
  15  0:51  Drone  
  15  0:54  Drone  
  17  0:57  Drone  
  18  1:08  Extractor  
  17  1:13  Spawning Pool  
  17  1:17  Drone  
  17  1:20  Drone  
  18  1:29  Drone  
  19  1:40  Drone  
  20  1:51  Drone  
  21  1:56  Drone  
  21  2:00  Queen x2  
  26  2:02  Overlord  
  26  2:07  Drone  
  27  2:13  Metabolic Boost  
  27  2:16  Drone  
  28  2:24  Drone  
  28  2:25  Zergling x2  
  31  2:30  Drone  
  31  2:37  Drone  
  31  2:41  Hatchery  
  31  2:46  Overlord  
  31  2:49  Drone  
  32  2:53  Queen  
  32  2:58  Zergling x2  
  35  2:59  Drone  
  36  3:06  Queen  
  36  3:08  Overlord  
  36  3:12  Zergling x4  
  40  3:14  Drone  
  40  3:18  Drone x2  
  43  3:21  Overlord  
  43  3:25  Drone  
  44  3:31  Queen  
  44  3:33  Spore Crawler  
  45  3:35  Drone  
  45  3:38  Drone  
  47  3:42  Drone x3  
  47  3:47  Drone x3  
  53  3:50  Drone  
  53  3:53  Drone  
  55  3:55  Drone  
  55  3:59  Overlord  
  55  4:02  Spore Crawler  
  55  4:05  Drone  
  55  4:07  Drone  
  55  4:08  Drone  
  57  4:18  Overlord  
  57  4:19  Drone x3  
  57  4:20  Drone x3  
  63  4:27  Roach Warren, Drone x3  
  64  4:33  Drone x2  
  66  4:39  Drone x2  
  66  4:40  Drone  
  66  4:43  Drone  
  66  4:44  Drone, Extractor  
  66  4:45  Hatchery  
  69  4:46  Drone x2  
  69  4:50  Overlord  
  69  4:52  Extractor  
  70  4:53  Zergling x4  
  70  4:56  Zergling x4  
  74  5:00  Spore Crawler  
  74  5:01  Drone  
  74  5:02  Extractor  
  74  5:04  Lair  
  74  5:05  Drone  
  74  5:07  Overlord  
  74  5:09  Overlord  
  74  5:10  Evolution Chamber  
  74  5:11  Zergling x8  
  76  5:14  Drone  
  76  5:15  Drone x2  
  76  5:18  Overlord  
  76  5:19  Drone x2  
  81  5:22  Zergling x2, Extractor  
  81  5:29  Zergling x4  
  81  5:30  Extractor  
  81  5:33  Overlord  
  82  5:36  Overlord  
  82  5:37  Zerg Missile Weapons Level 1  
  82  5:40  Overlord, Drone  
  83  5:49  Drone x5  
  88  5:50  Drone  
  88  5:51  Drone  
  88  5:55  Drone  
  88  5:57  Zergling x4  
  92  6:03  Spire, Drone x3  
  94  6:10  Drone x4  
  98  6:13  Zergling x10  
  98  6:15  Hydralisk Den  
  98  6:16  Zergling x2  
  98  6:17  Zergling x6  
  106  6:23  Zergling x6  
  109  6:29  Spore Crawler, Hatchery  
  109  6:30  Zergling x8  
  111  6:37  Zergling x2  
  111  6:38  Zergling x12  
  118  6:41  Overlord x2  
  118  6:42  Overlord  
  118  6:48  Overlord  
  118  6:53  Hydralisk x6  
  129  6:55  Grooved Spines  
  130  7:02  Hydralisk x2  
  130  7:06  Hydralisk x3  
  134  7:10  Hydralisk x2  
  134  7:13  Hydralisk  
  133  7:16  Hydralisk x4  
  133  7:22  Hydralisk x2  
  142  7:27  Hydralisk  
  142  7:28  Hydralisk x2  
  139  7:31  Pneumatized Carapace  
  139  7:33  Hydralisk x2  
  139  7:37  Hydralisk x2  
  130  7:40  Zergling x6  
  130  7:43  Hydralisk  
  125  7:44  Hydralisk  
  125  7:48  Hydralisk x2  
  125  7:51  Hydralisk  
Tags
 
Add a new tag
Caveats
  • Supply blocks, unpowered buildings, or Contaminate may cause inaccurate times.
  • Supply counts are checked every 10 seconds.